 Dungeon Crawl Stone Soup version 0.23-a0-407-g92528d7c89 (webtiles) character file.

16 Flugkiller the Scratcher (level 2, 0/14 HPs)
             Began as a Felid Chaos Knight on Nov 7, 2018.
             Was a Plaything of Xom.
             Killed from afar by a dart slug (6 damage)
             ... with a slug dart
             ... on level 1 of the Dungeon.
             The game lasted 00:01:17 (337 turns).

Flugkiller the Scratcher (Felid Chaos Knight)        Turns: 337, Time: 00:01:19

Health: 0/14       AC:  1    Str:  8    XL:     2   Next: 37%
Magic:  3/3        EV: 18    Int: 13    God:    Xom [..*...]
Gold:   15         SH:  0    Dex: 15    Spells: 1/1 levels left
                                        Lives:  0   Deaths: 0

rFire    . . .     SeeInvis +     - Unarmed
rCold    + . .     Gourm    .   (shield unavailable)
rNeg     . . .     Faith    .   (armour unavailable)
rPois    .         Spirit   .   (helmet unavailable)
rElec    .         Reflect  .   (cloak unavailable)
rCorr    .         Harm     .   (gloves unavailable)
MR       .....                  (boots unavailable)
Stlth    ++........             (no amulet)
HPRegen  0.04/turn              e - ring of protection from cold
MPRegen  0.08/turn              (no ring)

@: quick
A: very small, no armour, no weapons or thrown items, stealth, claws 1, fangs 3,
see invisible, carnivore, speed 1, shaggy fur 1, slow metabolism 1, sharp paws
a: Renounce Religion


You were on level 1 of the Dungeon.
You worshipped Xom.
You were a toy of Xom.
You were completely stuffed.

You visited 1 branch of the dungeon, and saw 1 of its levels.

You collected 15 gold pieces.

Inventory:

Jewellery
 e - a ring of protection from cold (left paw)
   (You found it on level 1 of the Dungeon)
Potions
 b - a potion of resistance {unknown}
 c - a potion of brilliance {unknown}
 f - a potion of invisibility {unknown}
Comestibles
 a - 2 rations
 d - 2 chunks of flesh


   Skills:
 - Level 3.0 Fighting
 - Level 3.2 Dodging
 + Level 3.8 Unarmed Combat


You had one spell level left.
You didn't know any spells.
Your spell library was empty.

Dungeon Overview and Level Annotations

Branches:
Dungeon (1/15)

Altars:


Innate Abilities, Weirdness & Mutations

You cannot wear armour.
You are incapable of wielding weapons or throwing items.
Your paws allow you to move quietly. (Stealth)
You have sharp claws.
You have razor-sharp teeth.
You have supernaturally acute eyesight. (SInv)
You are carnivorous and can eat meat at any time.
You cover ground quickly.
You are covered in fur. (AC +1)
You have a slow metabolism.
Your sharp claws are effective at attacking unaware monsters.


Message History

The goblin is heavily wounded.
The goblin closely misses you.
Unknown command.
You scratch the goblin but do no damage.
The goblin is heavily wounded.
The goblin misses you.
Unknown command.
You barely miss the goblin. Your bite misses the goblin.
The goblin is heavily wounded.
The goblin barely misses you.
Unknown command.
You scratch the goblin.
You kill the goblin!
Unknown command.
You see here a +2 dagger of speed.
A hobgoblin comes into view.
The hobgoblin shouts!
You see here a fizzy brown potion.
A kobold comes into view.
The hobgoblin hits you.
You closely miss the hobgoblin. You bite the hobgoblin.
The hobgoblin is severely wounded.
The hobgoblin closely misses you.
You scratch the hobgoblin.
You kill the hobgoblin!
The kobold throws a stone.
The stone closely misses you. The kobold misses you.
You barely miss the kobold. The kobold barely misses you.
You barely miss the kobold. The kobold completely misses you.
You scratch the kobold. Your claw misses the kobold.
The kobold is heavily wounded.
The kobold closely misses you.
You scratch the kobold but do no damage.
Your bite misses the kobold.
The kobold is heavily wounded.
The kobold barely misses you.
You scratch the kobold but do no damage.
The kobold is heavily wounded.
The kobold hits you.
A dart slug comes into view.
You barely miss the kobold. Your bite misses the kobold.
The kobold is heavily wounded.
The kobold hits you.
* * * LOW HITPOINT WARNING * * *
You closely miss the kobold.
The kobold is heavily wounded.
The dart slug launches a dart at you. The slug dart hits you!
You die... "Boring in life, boring in death..."

###............#...#...#
..).#.#.###...###.###..#
##....#.# #....#...#....
#.##.#.###..8..!8(w.8..
#.##.#.##..)..#...#....
#.##.........###.## ...
#.####.##.....#.†.#....
#.# #.###..8...8...8..
#.# .##.....@....... #.#
.####.#K#######.# #.# .#
#.#.# # ##.# .# #.#.#
##.#### .# #. ...(..##.#
## .........# ##.##.####
#.##.#..


You could see a dart slug and a kobold.

Vanquished Creatures
  A dart slug (D:1)
  5 hobgoblins (D:1)
  A bat (D:1)
  A frilled lizard (D:1)
  3 goblins (D:1)
  2 rats (D:1)
13 creatures vanquished.

Notes
Turn   | Place    | Note
-------+----------+-------------------------------------------
     0 | D:1      | Flugkiller the Felid Chaos Knight began the quest for the
                  | Orb.
     0 | D:1      | Reached XP level 1. HP: 10/10 MP: 2/2
   214 | D:1      | Reached XP level 2. HP: 13/14 MP: 3/3
   280 | D:1      | XOM: harmless Pois miscast
   337 | D:1      | Killed from afar by a dart slug

Vault maps used:
D:1:      psy_arrival_whirlpool, minmay_misc_feat_four_crosses,
          solitary_fountain

Action                   || total
-------------------------++-------
Melee: Unarmed           ||    39
       Bite              ||     2
 Stab: Sleeping          ||     2
  Eat: Chunk             ||     6
Armor: Skin              ||     1
Dodge: Dodged            ||    29

Table legend:
 A = Non-vault XP
 B = Vault XP
 C = Vault XP percentage of total XP
 D = Non-vault monster count
 E = Vault monster count
 F = Vault count percentage of total count
                 A         B        C        D         E       F
            +---------+---------+-------+---------+---------+-------
      Total |      23 |       0 |   0.0 |      13 |       0 |   0.0
            +---------+---------+-------+---------+---------+-------
        D:1 |      23 |       0 |   0.0 |      13 |       0 |   0.0
            +---------+---------+-------+---------+---------+-------
